 Dungeon Crawl Stone Soup version 0.27.0-1-g7a089689b8 (webtiles) character file.

Game seed: 3587518909769639007

1589 DildoBatman the Magician (level 9, -11/66 HPs)
             Began as a Formicid Conjurer on Aug 8, 2021.
             Mangled by an orc warrior (15 damage)
             ... on level 7 of the Dungeon.
             The game lasted 00:15:06 (5376 turns).

DildoBatman the Magician (Formicid Conjurer)        Turns: 5376, Time: 00:15:07

Health: -11/66     AC:  4    Str: 12    XL:     9   Next: 15%
Magic:  15/19      EV: 12    Int: 18    God:
Gold:   286        SH:  0    Dex: 12    Spells: 19/22 levels left

rFire    . . .     SeeInvis +   b - +0 spear (venom)
rCold    + . .     Faith    .   (no shield)
rNeg     + . .     Spirit   .   p - +0 leather armour "Erov" {rC+ rN+ rCorr}
rPois    .         Reflect  .   (helmet unavailable)
rElec    .         Harm     .   n - +0 cloak
rCorr    +         Rampage  .   (no gloves)
Will     .....                  (no boots)
Stlth    ++........             (no amulet)
HPRegen  0.21/turn              (no ring)
MPRegen  0.16/turn              (no ring)

@: no status effects
A: permanent stasis, dig shafts and tunnels, antennae 3, four strong arms
a: Dig, Shaft Self


You were on level 7 of the Dungeon.
You visited 2 branches of the dungeon, and saw 8 of its levels.
You also visited: Sewer.

You collected 286 gold pieces.

Inventory:

Hand Weapons
 a - a +2 mace of holy wrath
 b - a +0 spear of venom (weapon)
Missiles
 c - 30 poisoned darts
 f - 106 sling bullets
 k - 82 arrows
 q - 86 stones
 t - 41 bolts
Armour
 n - a +0 cloak (worn)
 p - the +0 leather armour "Erov" (worn) {rC+ rN+ rCorr}
   (You found it on level 6 of the Dungeon)

   rC:        It protects you from cold.
   rN:        It protects you from negative energy.
   rCorr:     It protects you from acid and corrosion.
 y - a +2 chain mail of fire resistance
Jewellery
 u - a ring of ice
Scrolls
 e - a scroll of holy word {unknown}
 h - a scroll of immolation {unknown}
 j - 2 scrolls of enchant weapon
 r - 2 scrolls of blinking {unknown}
 z - a scroll of identify
Potions
 d - a potion of haste {unknown}
 g - 2 potions of curing {unknown}
 i - 2 potions of invisibility {unknown}
 l - a potion of brilliance {unknown}
 s - a potion of lignification {unknown}
 v - a potion of degeneration {unknown}
 w - 2 potions of flight {unknown}
 x - a potion of berserk rage


   Skills:
 * Level 4.6 Fighting
 * Level 4.7 Armour
 - Level 3.0 Dodging
 - Level 2.4 Stealth
 - Level 7.0 Spellcasting
 - Level 6.0 Conjurations


You had 19 spell levels left.
You knew the following spells:

 Your Spells              Type           Power      Damage    Failure   Level
a - Searing Ray           Conj           54%        3d5       1%          2
c - Magic Dart            Conj           100%       1d8       1%          1

Your spell library contained the following spells:

 Spells                   Type           Power      Damage    Failure   Level
 Shock                    Conj/Air       68%        1d7       4%          1
 Dazzling Flash           Conj/Hex       34%        N/A       12%         3
 Summon Small Mammal      Summ           24%        N/A       14%         1
 Fulminant Prism          Conj/Hex       8%         3d7       36%         4
 Iskenderun's Mystic Bla  Conj/Tloc      17%        2d5       36%         4
 Call Canine Familiar     Summ           6%         N/A       38%         3
 Frozen Ramparts          Ice            12%        1d3       38%         3
 Lesser Beckoning         Tloc           3%         N/A       38%         3
 Summon Guardian Golem    Hex/Summ       6%         N/A       38%         3
 Lightning Bolt           Conj/Air       8%         1d21      73%         5
 Airstrike                Air            3%         N/A       80%         4
 Ice Form                 Ice/Tmut       6%         N/A       80%         4
 Summon Ice Beast         Ice/Summ       6%         N/A       80%         4
 Summon Lightning Spire   Summ/Air       6%         N/A       80%         4
 Manifold Assault         Tloc           6%         N/A       98%         5
 Blink                    Tloc           Unusable   N/A       N/A         2
 Swiftness                Air            Unusable   N/A       N/A         3

Dungeon Overview and Level Annotations

Branches:
Dungeon (7/15)             Temple (1/1) D:4           Sewer (visited)

Altars:
Ashenzari
Cheibriados
Elyvilon
Fedhas
Makhleb
Nemelex Xobeh
Qazlal
Ru
Sif Muna
Trog
Uskayaw
Vehumet
Wu Jian
Xom
Zin
The Shining One

Shops:
D:1 (   D:6 [

Annotations:
D:2 Terence
D:5 exclusions: black bear, iguana and ogre
D:6 exclusions: centaur, ogre and two-headed ogre


Innate Abilities, Weirdness & Mutations

You cannot be hasted, slowed, berserked, paralysed or teleported.
You can dig through walls and to a lower floor.
You have a pair of large antennae on your head. (SInv)
Your four strong arms can wield two-handed weapons with a shield.


Message History

Confirm with . or Enter, or press ? or * to list all spells.
Aiming: Searing Ray (safe; 1% risk of failure)
Press: ? - help, Shift-Dir - straight line, f - gnoll
Aim: a gnoll, wielding a +0 spear (82% to hit)
The searing ray hits the killer bee zombie!
The killer bee zombie is severely damaged.
The searing ray hits the gnoll!
The gnoll is almost dead.
The searing ray hits the gnoll.
The gnoll is moderately wounded. (Press . to maintain the ray.)
The killer bee zombie barely misses you.
The killer bee zombie hits you.
The searing ray hits the killer bee zombie!
You destroy the killer bee zombie!
The searing ray hits the gnoll.
You kill the gnoll!
The searing ray hits the gnoll.
The gnoll is severely wounded.
The searing ray hits the gnoll!
You kill the gnoll!
The orc shouts!
You hear a shout!
An orc warrior comes into view. It is wielding a +3 short sword.
The searing ray hits the gnoll!
The gnoll is severely wounded.
You finish channeling your searing ray.
You retract your mandibles.
An orc comes into view. It is wielding a +0 whip.
The orc hits you with a +0 war axe.
The orc warrior hits you with a +3 short sword!!
An orc warrior opens the door.
You open the door.
The orc warrior hits you with a +3 short sword!!
The gnoll misses you.
You extend your mandibles.
You retract your mandibles.
There is an open door here.
The orc warrior hits you with a +3 short sword!
You die...

# #+## #. ##...## ..
##.....##
###.######.....<.##
##.......#o$.......#
.......@.J.o.......+
##....##o#g........#
#.#. #.##.......# #
#.###o....## #.#
##g..## #.# #.'##
#.# ##{# ..# #)#
##.##


You could see an orc warrior, a jelly, a gnoll and 2 orcs.

Vanquished Creatures
  Purgy (Sewer)
  An ice beast (D:6)
  2 necrophages
  A sky beast (D:5)
  2 ogres
  A bullfrog (D:6)
  A gnoll sergeant (D:6)
  A scorpion (D:6)
  A water moccasin skeleton (D:5)
  3 wights (D:3)
  2 jellies
  A bullfrog skeleton (D:5)
  6 iguanas
  2 orc wizards (D:3)
  2 killer bee zombies
  A hound skeleton (D:4)
  6 adders
  12 gnolls
  An ufetubus (D:5)
  3 worms (D:2)
  2 dart slugs
  10 orcs
  8 endoplasms
  4 giant cockroaches
  3 goblins
  6 hobgoblins
  2 jackals (D:2)
  6 kobolds
  3 quokkas
  8 ball pythons
  7 bats
  A frilled lizard (D:1)
  5 rats
115 creatures vanquished.

Vanquished Creatures (others)
  2 plants (D:6)
2 creatures vanquished.

Grand Total: 117 creatures vanquished

Notes
Turn   | Place    | Note
-------+----------+-------------------------------------------
     0 | D:1      | DildoBatman the Formicid Conjurer began the quest for the
                  | Orb.
     0 | D:1      | Reached XP level 1. HP: 13/13 MP: 3/3
   178 | D:1      | Reached XP level 2. HP: 16/19 MP: 3/5
   181 | D:1      | Learned a level 2 spell: Searing Ray
   219 | D:1      | Found Zaud's Antique Weapon Shop.
   595 | D:2      | Reached XP level 3. HP: 24/24 MP: 0/6
   920 | D:2      | Found a faded altar of an unknown god.
  1021 | D:2      | Reached XP level 4. HP: 30/30 MP: 2/7
  1028 | D:2      | Noticed Terence
  1229 | D:2      | Reached skill level 5 in Conjurations
  1458 | D:2      | Found a snail-covered altar of Cheibriados.
  1712 | D:2      | Reached XP level 5. HP: 35/35 MP: 1/8
  2029 | D:3      | Reached skill level 1 in Fighting
  2029 | D:3      | Reached skill level 1 in Armour
  2029 | D:3      | Reached XP level 6. HP: 41/43 MP: 2/9
  2594 | D:3      | Reached skill level 3 in Spellcasting
  2611 | D:3      | Reached XP level 7. HP: 50/50 MP: 4/12
  2642 | D:3      | You fall into a shaft and drop 2 floors!
  2642 | D:5      | Entered Level 5 of the Dungeon
  2694 | D:5      | Reached skill level 4 in Spellcasting
  2890 | D:5      | Reached skill level 5 in Spellcasting
  3023 | D:5      | Reached skill level 6 in Spellcasting
  3023 | D:5      | Reached XP level 8. HP: 56/56 MP: 12/17
  3882 | D:4      | Found a staircase to the Ecumenical Temple.
  3891 | Temple   | Entered the Ecumenical Temple
  3984 | D:4      | Found a hide-covered altar of Uskayaw.
  4050 | D:4      | Found a glowing drain.
  4058 | Sewer    | Entered a sewer
  4133 | Sewer    | Noticed Purgy
  4139 | Sewer    | Killed Purgy
  4140 | Sewer    | Reached skill level 7 in Spellcasting
  4328 | D:6      | Noticed a two-headed ogre
  4889 | D:6      | Found Naucwoiv's Antique Armour Boutique.
  4917 | D:6      | Reached XP level 9. HP: 61/65 MP: 12/19
  5073 | D:6      | Identified the +0 leather armour "Erov" {rC+ rN+ rCorr}
  5373 | D:7      | HP: 3/66 [orc warrior (20)]
  5376 | D:7      | Mangled by an orc warrior

Illustrated notes

Levels and vault maps discovered:
D:1:      dpeg_arrival_rooms_c, layout_rooms, serial_curves, eino_curves_04,
          eino_curves_01, serial_shops, shop
D:2:      layout_basic, shapermc_ecumenical_altar_hornbeckon, basic_altar,
          uniq_terence
D:3:      layout_rooms
D:4:      layout_cave_pools, nicolae_uskayaw_dance_hall, temple_pool_b,
          gup_sewer_entry_spiral
D:5:      layout_loops_ring, grunt_ministairs_11, minivault_14,
          kennysheep_generic_room_10
D:6:      layout_cave_pools, serial_shops, nicolae_shop_overgrown_old_shop,
          minmay_misc_feat_roman, hangedman_decor_peaks_small
D:7:      layout_loops_corners, okawaru_altar_gauntlet_db, uniq_menkaure
Temple:   eino_wide_crystal_templ

Skill      XL: |  1  2  3  4  5  6  7  8  9 |
---------------+----------------------------+-----
Conjurations   | 4 5 6 |  6.0
Fighting       | 1 2 3 4 |  4.6
Armour         | 1 2 4 |  4.7
Spellcasting   | 3 6 7 |  7.0
Dodging        | 3 |  3.0
Stealth        | |  2.4

Action                   |  1- 3 |  4- 6 |  7- 9 || total
-------------------------+-------+-------+-------++-------
Melee: Unarmed           |     2 |       |       ||     2
       Club              |     6 |       |       ||     6
       Spear             |       |    14 |     1 ||    15
       Mace              |       |       |    18 ||    18
 Cast: Magic Dart        |    44 |    29 |    19 ||    92
       Searing Ray       |     5 |    23 |    34 ||    62
 Abil: Dig               |       |     2 |     8 ||    10
  Use: Scroll            |       |       |     4 ||     4
 Stab: Distracted        |       |     1 |       ||     1
Armor: Robe              |     2 |     3 |     6 ||    11
       Leather armour    |       |       |     4 ||     4
Dodge: Dodged            |     6 |     6 |    51 ||    63
